[Event "Titled Tuesday Blitz March 29 Late 2022"]
[White "Vine, Elzbieta"]
[Black "Brizzi, Milagros Tatiana"]
[WhiteFideId "1119320"]
[BlackFideId "128350"]
[WhiteElo "1832"]
[BlackElo "1844"]
[Result "0-1"]
[Round "07"]
[TimeControl "180+1"]
[Date "2022.03.30"]
[WhiteClock "0:00:07"]
[BlackClock "0:00:09"]

1. e4 c6 2. d4 d5 3. e5 Bf5 4. Nc3 e6 5. Bd3 Bxd3 6. Qxd3 Ne7 7. Bd2 Nc8 8. f4 Nb6 9. Nf3 N8d7 10. O-O-O Nc4 11. Kb1 Bb4 12. f5 Qb6 13. Ng5 Nf8 14. Rhf1 Nxd2+ 15. Qxd2 h6 16. fxe6 hxg5 17. exf7+ Kd8 18. Qxg5+ Be7 19. Qxg7 Rxh2 20. e6 Kc7 21. Na4 Qb5 22. Nc5 b6 23. Nd3 Kb7 24. Ne5 Rd8 0-1


[Site "https://www.chess.com"]

[Event "Titled Tuesday Blitz March 29 Late 2022"]
[White "Vovk, Orest"]
[Black "Aravindh, Chithambaram VR."]
[WhiteFideId "14113490"]
[BlackFideId "5072786"]
[WhiteElo "2203"]
[BlackElo "2561"]
[Result "1-0"]
[Round "07"]
[TimeControl "180+1"]
[Date "2022.03.29"]
[WhiteClock "0:01:34"]
[BlackClock "0:02:03"]

1. h4 h5 2. Nf3 g6 3. Ng5 Bg7 4. d4 d5 5. Nc3 Nc6 6. e4 dxe4 7. d5 e6 8. dxc6 Qxd1+ 9. Nxd1 bxc6 10. Nxe4 f5 11. Ng5 Nf6 12. Bc4 Nd5 13. O-O Ke7 14. Re1 e5 15. Ne3 Rd8 16. b3 Bf6 17. Ba3+ Ke8 18. Rad1 Bb7 19. f4 Nxe3 20. Bf7# 1-0


[Site "https://www.chess.com"]

[Event "Titled Tuesday Blitz March 29 Late 2022"]
[White "Vusatiuk, Vladimir"]
[Black "Hardaway, Brewington"]
[WhiteFideId "14118610"]
[BlackFideId "30941849"]
[WhiteElo "2157"]
[BlackElo "1768"]
[Result "1-0"]
[Round "07"]
[TimeControl "180+1"]
[Date "2022.03.30"]
[WhiteClock "0:00:06"]
[BlackClock "0:00:20"]

1. d4 Nf6 2. c4 g6 3. Nc3 Bg7 4. e4 d6 5. Nf3 O-O 6. Be2 e5 7. O-O Nc6 8. d5 Ne7 9. Ne1 Nd7 10. Be3 f5 11. f3 f4 12. Bf2 g5 13. a4 a5 14. Nd3 h5 15. c5 Ng6 16. cxd6 cxd6 17. Nb5 Nf6 18. Rc1 Rf7 19. Qb3 g4 20. Na7 g3 21. Bb6 gxh2+ 22. Kh1 Qe8 23. Nxc8 Rxc8 24. Rxc8 Qxc8 25. Rc1 Qe8 26. Bxa5 Nh4 27. Be1 Ng6 28. a5 h4 29. Nf2 Nh5 30. Kxh2 Ng3 31. Bb5 Qe7 32. Nh3 Nf8 33. Bf2 Nh7 34. Bb6 Qf6 35. Be8 Rf8 36. Bd7 Ng5 37. Rc8 Rxc8 38. Bxc8 Nf1+ 39. Kg1 Nd2 40. Qc3 Ngxf3+ 41. gxf3 Qg6+ 42. Bg4 Nxe4 43. Qc2 Qe8 44. Qxe4 Bf6 45. Be6+ Kg7 46. Qf5 Qa4 47. Qg4+ Kh6 48. Nf2 Qa1+ 49. Kg2 Qxb2 50. Bf7 Bg5 51. Qh5+ Kg7 52. Qxg5+ Kxf7 53. Qf5+ Kg7 54. Bd8 h3+ 55. Qxh3 e4 56. Qg4+ Kh8 57. Qxf4 exf3+ 58. Qxf3 Qg7+ 59. Qg3 Qd4 60. Bg5 Qxd5+ 61. Kh2 Qf5 62. Qh4+ Kg7 63. Qh6+ Kf7 64. Qh4 d5 65. Qg3 Ke6 66. Nd3 d4 67. Nf4+ Kd7 68. Qh3 Qxh3+ 69. Kxh3 Kc6 70. Bd8 Kd6 71. Nd3 Kd5 72. Bb6 Kc4 73. Ne5+ Kd5 74. Nf3 d3 75. Kg3 Kc4 76. Kf2 Kc3 77. Ke3 Kc2 78. Nd2 Kc3 79. Bc7 Kc2 80. Be5 b6 81. axb6 Kd1 82. b7 Ke1 83. b8=Q Kd1 84. Qb1# 1-0


[Site "https://www.chess.com"]

[Event "Titled Tuesday Blitz March 29 Late 2022"]
[White "Winkels, Marcel"]
[Black "Fiol, Fabrice"]
[WhiteFideId "1003887"]
[BlackFideId "611670"]
[WhiteElo "1900"]
[BlackElo "2398"]
[Result "0-1"]
[Round "07"]
[TimeControl "180+1"]
[Date "2022.03.30"]
[WhiteClock "0:00:03"]
[BlackClock "0:00:08"]

1. e4 c5 2. Nf3 e6 3. d4 cxd4 4. Nxd4 a6 5. g3 Nc6 6. Bg2 h5 7. h3 Qc7 8. Be3 Ne5 9. Bf4 Bc5 10. O-O d6 11. c3 Ne7 12. Nd2 b5 13. N4b3 Ba7 14. Rc1 Nd3 15. Rc2 Bb7 16. c4 Nxf4 17. gxf4 b4 18. Qe2 Ng6 19. Qf3 a5 20. f5 Nh4 21. Qg3 Nxg2 22. Qxg2 Kf8 23. fxe6 fxe6 24. Qg6 Rh6 25. Qg5 Qf7 26. Kh2 Rg6 27. Qh4 a4 28. Na5 Bd4 29. Nxb7 Qxb7 30. f3 Qf7 31. c5 dxc5 32. Nc4 Kg8 33. Rg2 Rxg2+ 34. Kxg2 Rf8 35. Nd6 Qg6+ 36. Kh1 Be5 37. Nc4 Bg3 38. Qe7 Rf7 39. Qe8+ Kh7 0-1


[Site "https://www.chess.com"]

[Event "Titled Tuesday Blitz March 29 Late 2022"]
[White "Xiong, Jeffery"]
[Black "Indjic, Aleksandar"]
[WhiteFideId "2047640"]
[BlackFideId "911925"]
[WhiteElo "2727"]
[BlackElo "2616"]
[Result "1-0"]
[Round "07"]
[TimeControl "180+1"]
[Date "2022.03.29"]
[WhiteClock "0:00:06"]
[BlackClock "0:00:02"]

1. d4 Nf6 2. Nf3 e6 3. Bf4 c5 4. e3 cxd4 5. exd4 b6 6. Nbd2 Ba6 7. Bxa6 Nxa6 8. c3 Be7 9. O-O Nc7 10. a4 O-O 11. Re1 d6 12. Nc4 Qd7 13. Qe2 Ncd5 14. Bg3 a6 15. Bh4 b5 16. Bxf6 Bxf6 17. axb5 axb5 18. Ncd2 Be7 19. g3 Qb7 20. Qd3 h6 21. Nf1 Ra4 22. N3d2 Rfa8 23. Rab1 Qc6 24. Qf3 Ra2 25. Ne3 Bg5 26. Nxd5 Qxd5 27. Qxd5 exd5 28. Nf1 b4 29. h4 Bf6 30. Ne3 bxc3 31. bxc3 R8a5 32. Rb6 R2a3 33. Rxd6 Rxc3 34. Nxd5 Rf3 35. Kg2 Rf5 36. Nxf6+ gxf6 37. g4 Rfd5 38. Rxd5 Rxd5 39. Rd1 f5 40. gxf5 Kg7 41. Kg3 Kf6 42. Kg4 Rxf5 43. d5 h5+ 44. Kg3 Ke7 45. d6+ Kd7 46. Rd4 Rf6 47. Rf4 Rg6+ 48. Kf3 f6 49. Rd4 f5 50. Kf4 Rg2 51. f3 Rf2 52. Rd3 Rh2 53. Kg5 f4 54. Kxh5 Rg2 55. Kh6 Rg3 56. h5 Rg2 57. Kh7 Rg3 58. h6 Rg2 59. Rd4 Rg3 60. Rxf4 Kxd6 61. Rg4 Rxf3 62. Kg7 Ke7 63. Re4+ Kd6 64. h7 Rg3+ 65. Kh6 Rh3+ 66. Kg6 Rg3+ 67. Kh5 Rh3+ 68. Rh4 1-0


[Site "https://www.chess.com"]

[Event "Titled Tuesday Blitz March 29 Late 2022"]
[White "Yuan, Qingyu"]
[Black "Goryachkina, Aleksandra"]
[WhiteFideId "8609772"]
[BlackFideId "4147103"]
[WhiteElo "2359"]
[BlackElo "2426"]
[Result "1-0"]
[Round "07"]
[TimeControl "180+1"]
[Date "2022.03.29"]
[WhiteClock "0:00:14"]
[BlackClock "0:00:02"]

1. e4 e6 2. d4 d5 3. e5 c5 4. c3 Nc6 5. Nf3 Nge7 6. Bd3 cxd4 7. O-O dxc3 8. bxc3 Ng6 9. Re1 Be7 10. g3 Qc7 11. Qe2 b6 12. h4 Bb7 13. h5 Nf8 14. Nbd2 O-O-O 15. Nb3 f6 16. Bf4 fxe5 17. Nxe5 Bd6 18. Nd4 Bxe5 19. Nxc6 Bxf4 20. Nxd8 Qxd8 21. gxf4 Qh4 22. Qf3 g6 23. h6 Qxh6 24. a4 g5 25. f5 g4 26. Qg3 e5 27. Qxe5 1-0


[Site "https://www.chess.com"]

[Event "Titled Tuesday Blitz March 29 Late 2022"]
[White "Aggelis, Nikolaos"]
[Black "Arabidze, Meri"]
[WhiteFideId "4213220"]
[BlackFideId "13604040"]
[WhiteElo "2154"]
[BlackElo "2335"]
[Result "1/2-1/2"]
[Round "08"]
[TimeControl "180+1"]
[Date "2022.03.29"]
[WhiteClock "0:00:21"]
[BlackClock "0:00:12"]

1. d4 f5 2. Nc3 Nf6 3. Bg5 d5 4. Bxf6 exf6 5. e3 c6 6. Bd3 Na6 7. a3 Nc7 8. Qf3 g6 9. h3 Be6 10. Nge2 Bf7 11. g4 fxg4 12. hxg4 Bg7 13. O-O-O Ne6 14. Qg3 Qc7 15. f4 O-O-O 16. Rh3 Kb8 17. Rdh1 h6 18. f5 gxf5 19. gxf5 Ng5 20. Qxc7+ Kxc7 21. Rg3 h5 22. Rh4 Bf8 23. Nf4 Bd6 24. Nce2 Rde8 25. Kd2 Re7 26. c3 b6 27. Bc2 a5 28. Kd3 Ne4 29. Rg7 c5 30. Ba4 c4+ 31. Kc2 Ng5 32. Ng6 Bxg6 33. Rxe7+ Bxe7 34. fxg6 Ne6 35. Nf4 Nxf4 36. exf4 f5 37. g7 Rg8 38. Rxh5 Rxg7 39. Rxf5 Rg2+ 40. Kb1 Kd6 41. Rh5 Rf2 42. Rh6+ Kc7 43. Rh7 Kd6 44. Rf7 Ke6 45. Be8 Bd6 46. f5+ Rxf5 47. Rxf5 Kxf5 48. Bf7 Ke4 49. Kc2 Bf4 50. Bg6+ Ke3 51. Bf5 Bg5 52. a4 Bh6 53. Be6 Ke4 54. Bg8 Bg5 55. Bh7+ Ke3 56. Bg6 Bh6 57. Bf5 Bg5 58. Bh7 Bh6 59. Bg6 Bg5 60. Bh7 Bh6 61. Bg6 Bg5 62. Bh7 1/2-1/2


[Site "https://www.chess.com"]

[Event "Titled Tuesday Blitz March 29 Late 2022"]
[White "Aldokhin, Ivan"]
[Black "Bryakin, Mikhail"]
[WhiteFideId "24115720"]
[BlackFideId "4165314"]
[WhiteElo "2231"]
[BlackElo "2417"]
[Result "1-0"]
[Round "08"]
[TimeControl "180+1"]
[Date "2022.03.29"]
[WhiteClock "0:00:04"]
[BlackClock "0:00:27"]

1. e4 c5 2. Nf3 e6 3. d4 cxd4 4. Nxd4 a6 5. Nc3 Qc7 6. Bd3 Bb4 7. Bd2 Nc6 8. Nxc6 bxc6 9. Qg4 g6 10. O-O h5 11. Qe2 Ne7 12. Nb5 axb5 13. Bxb4 d6 14. Bc3 e5 15. f4 f6 16. fxe5 fxe5 17. Qf3 Bg4 18. Qf6 Kd7 19. h3 Be6 20. a3 Qb6+ 21. Kh2 g5 22. Rad1 Raf8 23. Qxg5 Rxf1 24. Bxf1 Rg8 25. Qxe5 d5 26. Bb4 c5 27. exd5 Bxh3 28. Be1 Qg6 29. Bg3 c4 30. gxh3 Qxc2+ 31. Qe2 Qf5 32. Bg2 h4 33. Qe6+ Qxe6 34. dxe6+ Kxe6 35. Re1+ Kd7 36. Bxh4 Nf5 37. Bf2 Kd6 38. Be4 Ne7 39. Bg3+ Kc5 40. Rd1 Nc6 41. Bf2+ 1-0


[Site "https://www.chess.com"]

[Event "Titled Tuesday Blitz March 29 Late 2022"]
[White "Almedina Ortiz, Edgardo J."]
[Black "Aydin, Gulenay"]
[WhiteFideId "3100197"]
[BlackFideId "34557431"]
[WhiteElo "2217"]
[BlackElo "1429"]
[Result "1/2-1/2"]
[Round "08"]
[TimeControl "180+1"]
[Date "2022.03.30"]
[WhiteClock "0:00:07"]
[BlackClock "0:00:02"]

1. d4 Nf6 2. c4 g6 3. g3 Bg7 4. Bg2 O-O 5. Nc3 d6 6. Nf3 c5 7. O-O cxd4 8. Nxd4 Qc7 9. b3 Nc6 10. Nxc6 bxc6 11. Bb2 Bb7 12. c5 d5 13. Qd2 Rad8 14. Rad1 Rfe8 15. Qc1 e5 16. b4 Ba6 17. Rfe1 e4 18. e3 Nd7 19. Ne2 Ne5 20. Bxe5 Bxe5 21. Nd4 Rb8 22. a3 Bc4 23. Bxe4 Bxg3 24. hxg3 Rxe4 25. Kg2 Rbe8 26. f3 R4e7 27. e4 Ba6 28. exd5 cxd5 29. Qd2 Bc4 30. Kf2 Qc8 31. Rxe7 Rxe7 32. Re1 Rxe1 33. Qxe1 Qh3 34. Qe8+ Kg7 35. Qe5+ Kf8 36. g4 Qf1+ 37. Kg3 Qg1+ 38. Kh4 Qf2+ 39. Kg5 h6+ 40. Kf6 Qh4+ 41. g5 Qxg5+ 42. Qxg5 hxg5 43. c6 Ba6 44. b5 Bc8 45. a4 g4 46. fxg4 Bxg4 47. a5 Ke8 48. b6 axb6 49. axb6 Kd8 50. c7+ Kc8 51. Kxf7 Kb7 52. Kxg6 Kxb6 53. Kg5 Bc8 54. Kf6 Kxc7 55. Ke5 Bb7 56. Ne6+ Kb6 57. Nf4 Kc5 58. Nxd5 1/2-1/2


[Site "https://www.chess.com"]

[Event "Titled Tuesday Blitz March 29 Late 2022"]
[White "Andreikin, Dmitry"]
[Black "Melkumyan, Hrant"]
[WhiteFideId "4158814"]
[BlackFideId "13302485"]
[WhiteElo "2736"]
[BlackElo "2604"]
[Result "1-0"]
[Round "08"]
[TimeControl "180+1"]
[Date "2022.03.29"]
[WhiteClock "0:00:10"]
[BlackClock "0:00:08"]

1. d4 Nf6 2. Nf3 d5 3. c4 e6 4. g3 Be7 5. Bg2 O-O 6. O-O dxc4 7. Qc2 a6 8. a4 Bd7 9. Qxc4 Bc6 10. Bf4 Bd6 11. Qc1 a5 12. Nc3 Na6 13. Bg5 Be7 14. Rd1 Nb4 15. Bxf6 Bxf6 16. e4 Re8 17. h4 g6 18. h5 Qe7 19. Qf4 Rad8 20. Rac1 Bg7 21. h6 Bf8 22. Ne5 f6 23. Ng4 f5 24. exf5 exf5 25. Ne5 Bxg2 26. Kxg2 Qe6 27. Re1 Nd5 28. Qf3 Nxc3 29. bxc3 Qd5 30. Rb1 Qxf3+ 31. Kxf3 b6 32. Nc6 Ra8 33. Rh1 Bd6 34. c4 Kf7 35. Rb5 Re6 36. c5 bxc5 37. dxc5 Bf8 38. Nxa5 Rea6 39. Nc4 Rxa4 40. Ne5+ Ke6 41. Nd3 Ra3 42. Ke2 Ra2+ 43. Kf3 R2a3 44. Re1+ Kd5 45. Rd1 Rxd3+ 46. Rxd3+ Kc4 47. Rbb3 Bxc5 48. Rbc3+ Kb5 49. Rd5 1-0


[Site "https://www.chess.com"]

[Event "Titled Tuesday Blitz March 29 Late 2022"]
[White "Aravindh, Chithambaram VR."]
[Black "Golubev, Mikhail"]
[WhiteFideId "5072786"]
[BlackFideId "14100983"]
[WhiteElo "2561"]
[BlackElo "2374"]
[Result "1-0"]
[Round "08"]
[TimeControl "180+1"]
[Date "2022.03.29"]
[WhiteClock "0:01:40"]
[BlackClock "0:00:25"]

1. b3 d6 2. Bb2 Nd7 3. h4 Ngf6 4. g3 e5 5. Bg2 g6 6. c4 Bg7 7. Nc3 h5 8. Nf3 O-O 9. O-O Qe7 10. d3 a5 11. Rc1 Nc5 12. d4 exd4 13. Qxd4 c6 14. Rcd1 Nfe4 15. Qxg7+ Kxg7 16. Nd5+ Qf6 17. Nxf6 Nxf6 18. Rxd6 Ne4 19. Rfd1 Nxd6 20. Rxd6 Be6 21. Ng5 Rad8 22. c5 Rxd6 23. cxd6 Bd5 24. e4 Be6 25. Bxf6+ Kxf6 26. Nh7+ Kg7 27. Nxf8 Kxf8 28. e5 f6 29. f4 fxe5 30. fxe5 Kf7 31. Kf2 a4 32. bxa4 Bxa2 33. a5 Bc4 34. Ke3 1-0


[Site "https://www.chess.com"]

[Event "Titled Tuesday Blitz March 29 Late 2022"]
[White "Bachmann, Axel"]
[Black "Ricaurte Lopez, Juan Carlos"]
[WhiteFideId "3700488"]
[BlackFideId "3600327"]
[WhiteElo "2587"]
[BlackElo "2209"]
[Result "1-0"]
[Round "08"]
[TimeControl "180+1"]
[Date "2022.03.30"]
[WhiteClock "0:00:19"]
[BlackClock "0:00:07"]

1. d4 Nf6 2. g3 e6 3. c4 c5 4. d5 exd5 5. cxd5 d6 6. Nc3 g6 7. Nf3 Bg7 8. Bg2 O-O 9. O-O Bg4 10. Nd2 Re8 11. h3 Bf5 12. Re1 Na6 13. e4 Bd7 14. Nc4 Re7 15. Bf4 Ne8 16. Nxd6 g5 17. Bxg5 Nxd6 18. e5 f6 19. Bf4 fxe5 20. Bg5 Nf7 21. Bxe7 Qxe7 22. d6 Qxd6 23. Bxb7 Rb8 24. Bxa6 Qxa6 25. Qxd7 Rxb2 26. Ne4 Qb7 27. Qg4 Kf8 28. Rad1 c4 29. Nc5 Qe7 30. Ne6+ 1-0


[Site "https://www.chess.com"]

[Event "Titled Tuesday Blitz March 29 Late 2022"]
[White "Batsiashvili, Nino"]
[Black "Ambartsumova, Karina"]
[WhiteFideId "13602993"]
[BlackFideId "4166299"]
[WhiteElo "2192"]
[BlackElo "2262"]
[Result "1-0"]
[Round "08"]
[TimeControl "180+1"]
[Date "2022.03.30"]
[WhiteClock "0:00:19"]
[BlackClock "0:00:13"]

1. d4 d6 2. c4 g6 3. Nc3 Bg7 4. e4 e5 5. Nf3 Bg4 6. dxe5 dxe5 7. Qxd8+ Kxd8 8. Bg5+ f6 9. O-O-O+ Kc8 10. Be3 Ne7 11. Be2 Be6 12. Nd5 Re8 13. h4 h5 14. Nh2 c6 15. Nxe7+ Rxe7 16. g4 hxg4 17. Bxg4 Bxg4 18. Nxg4 f5 19. Bg5 Re8 20. exf5 gxf5 21. Ne3 Rf8 22. Be7 Rf7 23. Rd8+ Kc7 24. Bg5 Bf6 25. Rg8 Rg7 26. Rxg7+ Bxg7 27. Nxf5 Bh8 28. Be7 Nd7 29. Bd6+ Kb6 30. h5 Rg8 31. h6 e4 32. h7 Rg2 33. Bg3 Nc5 34. Kd2 Nd3 35. Ke3 Nxb2 36. Kxe4 Nxc4 37. Kf3 Rxg3+ 38. fxg3 Ne5+ 39. Ke4 c5 40. Rd1 Kc7 41. Nh4 c4 42. Kf5 c3 43. Ng6 Nxg6 44. Kxg6 b5 45. Kf7 b4 46. Kg8 Be5 47. g4 a5 48. g5 a4 49. g6 c2 50. Rc1 b3 51. axb3 axb3 52. g7 Bxg7 53. Kxg7 Kb6 54. h8=Q b2 55. Qb8+ 1-0


[Site "https://www.chess.com"]

[Event "Titled Tuesday Blitz March 29 Late 2022"]
[White "Bluebaum, Matthias"]
[Black "Kosteniuk, Alexandra"]
[WhiteFideId "24651516"]
[BlackFideId "4128125"]
[WhiteElo "2550"]
[BlackElo "2469"]
[Result "1-0"]
[Round "08"]
[TimeControl "180+1"]
[Date "2022.03.29"]
[WhiteClock "0:00:08"]
[BlackClock "0:00:18"]

1. b3 Nf6 2. Bb2 b6 3. Nf3 Bb7 4. g3 e6 5. Bg2 Be7 6. O-O O-O 7. c4 d5 8. cxd5 Nxd5 9. Nc3 Nxc3 10. Bxc3 c5 11. d4 Nd7 12. Rc1 Nf6 13. dxc5 Bxc5 14. Qc2 Ne4 15. Ne5 f5 16. b4 Bd6 17. Qb3 Qe7 18. b5 Bd5 19. Nc6 Bxb3 20. Nxe7+ Bxe7 21. axb3 Nxc3 22. Rxc3 Rac8 23. Bc6 Rc7 24. Rd1 Bc5 25. Kg2 g6 26. Bd7 Kf7 27. Bc6 Kf6 28. e3 g5 29. Rc4 h6 30. Ra1 Rff7 31. Rd1 Ke5 32. f4+ Kf6 33. e4 gxf4 34. exf5 exf5 35. Rxf4 Rfe7 36. Rdf1 Re5 37. g4 Re2+ 38. Kh3 Re3+ 39. R1f3 Rxf3+ 40. Rxf3 Ke5 41. Rxf5+ Kd4 42. Rf6 Rh7 43. Kg3 Kc3 44. Rf3+ Kb2 45. Kh4 Be7+ 46. Kh5 Bg5 47. h4 Bd2 48. Rf2 Kc1 49. Re2 Rg7 50. Re6 Kc2 51. Rd6 Bc1 52. Bf3 Kxb3 53. Rxh6 Bxh6 54. Kxh6 Rf7 55. Bd5+ Kb4 56. Bxf7 Kxb5 57. g5 a5 58. g6 1-0


[Site "https://www.chess.com"]

[Event "Titled Tuesday Blitz March 29 Late 2022"]
[White "Brizzi, Milagros Tatiana"]
[Black "Melikhov, Evgeny V."]
[WhiteFideId "128350"]
[BlackFideId "4122046"]
[WhiteElo "1844"]
[BlackElo "1945"]
[Result "0-1"]
[Round "08"]
[TimeControl "180+1"]
[Date "2022.03.30"]
[WhiteClock "0:00:02"]
[BlackClock "0:00:07"]

1. e4 c5 2. Nf3 d6 3. d3 Nc6 4. g3 e6 5. Bg2 g6 6. O-O Bg7 7. c3 e5 8. a3 Nge7 9. b4 O-O 10. Nbd2 a6 11. Bb2 b5 12. d4 cxd4 13. cxd4 exd4 14. Nb3 d5 15. exd5 Nxd5 16. Nfxd4 Nxd4 17. Bxd4 Be6 18. Nc5 Nc3 19. Nxe6 Nxd1 20. Nxd8 Bxd4 21. Raxd1 Raxd8 22. Rfe1 Rd6 23. Kf1 Rfd8 24. Re2 Bc3 25. Rxd6 Rxd6 26. Bb7 Rb6 27. Bd5 Rd6 28. Bb7 a5 29. bxa5 Bxa5 30. Rc2 Rd3 31. Bc6 Rb3 32. Rc5 Rxa3 33. Rxb5 Kg7 34. Bd5 Kf6 35. Rb7 Ke5 36. Bc4 f5 37. Rxh7 Ke4 38. Re7+ Kd4 39. Bf7 Bb4 40. Re2 g5 41. h3 f4 42. gxf4 gxf4 43. f3 Rxf3+ 44. Kg2 Rg3+ 45. Kh2 Bd6 46. Rd2+ Kc5 47. Rc2+ Kb6 48. Bd5 f3 49. Rc6+ Kb5 50. Rxd6 Rg2+ 51. Kh1 Kc5 52. Bxf3 Rg3 0-1


[Site "https://www.chess.com"]

[Event "Titled Tuesday Blitz March 29 Late 2022"]
[White "Burke, Paul"]
[Black "Karavaeva, Olga"]
[WhiteFideId "2605767"]
[BlackFideId "4124111"]
[WhiteElo "1875"]
[BlackElo "2105"]
[Result "0-1"]
[Round "08"]
[TimeControl "180+1"]
[Date "2022.03.30"]
[WhiteClock "0:00:05"]
[BlackClock "0:00:26"]

1. e4 c5 2. d4 cxd4 3. c3 d3 4. Bxd3 e6 5. Nf3 Nc6 6. Bf4 d5 7. e5 Bc5 8. Qe2 Nge7 9. Nbd2 Ng6 10. Bg3 Bb6 11. h4 h6 12. h5 Nge7 13. O-O-O Bd7 14. Bh4 Qc7 15. Nb3 O-O-O 16. Kb1 Kb8 17. Rc1 Rc8 18. c4 dxc4 19. Bxc4 Nf5 20. Bd3 Nxh4 21. Rxh4 Qd8 22. Be4 Nxe5 23. Nxe5 Rxc1+ 24. Nxc1 Qxh4 25. Nxd7+ Kc7 26. Nxb6 axb6 27. Qf3 Qf6 28. Qg3+ Kc8 29. Qd6 Qxf2 30. Qe7 Qd4 31. Qxb7+ Kd8 32. Qb8+ Ke7 33. Qxh8 Qxe4+ 34. Ka1 Qc2 35. a3 Qxc1+ 36. Ka2 Qc4+ 37. Kb1 Qf1+ 38. Ka2 Qxg2 39. Qb8 Qd5+ 40. Kb1 b5 41. Qa7+ Kf6 42. Qf2+ Qf5+ 0-1


[Site "https://www.chess.com"]

[Event "Titled Tuesday Blitz March 29 Late 2022"]
[White "Cagara, Paulina"]
[Black "Song, Guannan Terry"]
[WhiteFideId "1124870"]
[BlackFideId "2614189"]
[WhiteElo "1780"]
[BlackElo "2115"]
[Result "0-1"]
[Round "08"]
[TimeControl "180+1"]
[Date "2022.03.30"]
[WhiteClock "0:00:01"]
[BlackClock "0:00:18"]

1. e4 d5 2. exd5 Qxd5 3. Nc3 Qa5 4. d4 c6 5. Nf3 Nf6 6. Bc4 Bg4 7. h3 Bh5 8. g4 Bg6 9. Ne5 e6 10. h4 Nbd7 11. Bf4 Bb4 12. O-O Bxc3 13. bxc3 Nxe5 14. Bxe5 Qxc3 15. Bxf6 gxf6 16. Bb3 Rg8 17. f3 h5 18. Kh2 O-O-O 19. Qe1 Qxe1 20. Raxe1 Rxd4 21. Rxe6 hxg4 22. Rxf6 g3+ 23. Kg2 Rxh4 24. Kxg3 Rh6 25. Kf4 Rh4+ 26. Ke3 Re8+ 27. Kd2 Rh2+ 28. Kc1 Ree2 29. Rd1 Bxc2 30. Rg1 Bxb3 31. axb3 Rc2+ 32. Kb1 Rb2+ 33. Ka1 Ra2+ 34. Kb1 Rhb2+ 35. Kc1 Rxb3 36. Rxf7 Ra1+ 37. Kc2 Rxg1 38. Kxb3 Rf1 39. Kb4 b6 40. Kc4 a5 41. Kd4 a4 42. Ke5 Rd1 43. Ra7 Rd5+ 44. Ke6 Ra5 45. Rh7 Rd5 46. Ra7 b5 47. f4 Kb8 48. Rh7 a3 49. f5 a2 50. Rh1 Rd2 0-1


[Site "https://www.chess.com"]

[Event "Titled Tuesday Blitz March 29 Late 2022"]
[White "Cardoso Cardoso, Jose Gabriel"]
[Black "Barria Zuniga, Daniel"]
[WhiteFideId "4430492"]
[BlackFideId "3400816"]
[WhiteElo "2451"]
[BlackElo "2414"]
[Result "1-0"]
[Round "08"]
[TimeControl "180+1"]
[Date "2022.03.29"]
[WhiteClock "0:00:03"]
[BlackClock "0:00:02"]

1. Nf3 h6 2. e4 e6 3. d4 d5 4. e5 c5 5. c3 Nc6 6. a3 g5 7. h3 Bd7 8. Bd3 Qc7 9. b4 c4 10. Bc2 O-O-O 11. a4 f5 12. exf6 Nxf6 13. b5 Na5 14. Ne5 Be8 15. Ba3 Bxa3 16. Rxa3 Nd7 17. Nxd7 Bxd7 18. Qe2 Rdf8 19. Nd2 Rf4 20. Nf3 Rhf8 21. Ne5 Rxf2 22. Qxf2 Rxf2 23. Kxf2 a6 24. Rb1 axb5 25. axb5 b6 26. Ke3 Qd6 27. Raa1 Be8 28. g3 Kd8 29. Rf1 Ke7 30. Rf2 Bxb5 31. Rf7+ Kd8 32. Ra7 Be8 33. Rf1 Qa3 34. Ra8+ Ke7 35. Ra7+ Kd6 36. Rff7 Qxc3+ 37. Bd3 Qe1+ 38. Kf3 Qh1+ 39. Kf2 Qh2+ 40. Kf1 Qxh3+ 41. Kf2 Qh2+ 42. Kf3 Qh1+ 43. Kg4 1-0


[Site "https://www.chess.com"]

[Event "Titled Tuesday Blitz March 29 Late 2022"]
[White "Dahlgren, James Allen"]
[Black "Alimpic, Aleksa"]
[WhiteFideId "22256873"]
[BlackFideId "974323"]
[WhiteElo "2125"]
[BlackElo "2130"]
[Result "0-1"]
[Round "08"]
[TimeControl "180+1"]
[Date "2022.03.30"]
[WhiteClock "0:00:01"]
[BlackClock "0:00:04"]

1. f4 d5 2. Nf3 Bf5 3. b3 e6 4. Bb2 Nf6 5. d3 Be7 6. Nbd2 O-O 7. h3 c5 8. g4 Bg6 9. Bg2 Nc6 10. O-O Nd7 11. e4 f6 12. f5 Bf7 13. c4 d4 14. Qe1 Nde5 15. Nxe5 Nxe5 16. Qe2 a6 17. Nf3 Nxf3+ 18. Bxf3 e5 19. h4 b5 20. Rad1 bxc4 21. dxc4 a5 22. a4 Rb8 23. Rd3 Qb6 24. Rb1 Rb7 25. Qg2 h6 26. Bd1 Rfb8 27. Bc2 Qd8 28. Rf1 Bxc4 29. bxc4 Rxb2 30. Rd2 Qb6 31. Bd3 Rxd2 32. Qxd2 Qb4 33. Qxb4 cxb4 34. Rb1 b3 35. Kf2 b2 36. Ke2 Kf8 37. Bc2 Ba3 38. Kd3 Rb4 39. Rd1 Ke7 40. Rb1 Kd6 41. Rg1 Kc5 42. g5 hxg5 43. hxg5 Rxc4 44. gxf6 gxf6 45. Rg8 Rc3+ 46. Kd2 Rxc2+ 47. Kxc2 d3+ 48. Kb1 Kd4 49. Rd8+ Kxe4 50. Rxd3 Kxd3 51. Ka2 e4 52. Kxa3 e3 0-1


[Site "https://www.chess.com"]

[Event "Titled Tuesday Blitz March 29 Late 2022"]
[White "De La Colina, Nicolas"]
[Black "Almagro Mazariegos, Sebastian"]
[WhiteFideId "30946921"]
[BlackFideId "2221640"]
[WhiteElo "2046"]
[BlackElo "2273"]
[Result "1-0"]
[Round "08"]
[TimeControl "180+1"]
[Date "2022.03.30"]
[WhiteClock "0:00:10"]
[BlackClock "0:00:13"]

1. e4 c5 2. c3 d5 3. exd5 Qxd5 4. d4 Nf6 5. Nf3 e6 6. Na3 a6 7. Nc4 Nbd7 8. Be2 b5 9. Ne3 Qd6 10. a4 b4 11. O-O Bb7 12. Nc4 Qc7 13. cxb4 cxd4 14. Qxd4 Bxb4 15. Bf4 Qc6 16. Nd6+ Bxd6 17. Bxd6 Qe4 18. Qd2 Qd5 19. Qxd5 Nxd5 20. Rfd1 f6 21. Nd4 Kf7 22. Bg4 Rhe8 23. Rac1 f5 24. Bh5+ g6 25. Bf3 Rac8 26. a5 Rxc1 27. Rxc1 Rc8 28. Rxc8 Bxc8 29. Bxd5 exd5 30. Kf1 Nf6 31. f3 Ne8 32. Be5 Ke7 33. Ke2 Nd6 34. Bxd6+ Kxd6 35. b4 Ke5 36. Ke3 f4+ 37. Kd3 Bd7 38. b5 axb5 39. a6 Bc8 40. a7 Bb7 41. Nxb5 g5 42. h3 h5 43. Nc7 g4 44. hxg4 hxg4 45. a8=Q Bxa8 46. Nxa8 gxf3 47. gxf3 Kf5 48. Nb6 Kg5 49. Nxd5 Kf5 50. Kd4 1-0


[Site "https://www.chess.com"]

[Event "Titled Tuesday Blitz March 29 Late 2022"]
[White "Demchenko, Anton"]
[Black "Jary, Sergey"]
[WhiteFideId "4160258"]
[BlackFideId "14110350"]
[WhiteElo "2539"]
[BlackElo "2260"]
[Result "0-1"]
[Round "08"]
[TimeControl "180+1"]
[Date "2022.03.29"]
[WhiteClock "0:00:01"]
[BlackClock "0:00:24"]

1. e4 c5 2. Nf3 Nc6 3. Bb5 Qc7 4. O-O a6 5. Bxc6 Qxc6 6. d4 cxd4 7. Nxd4 Qc7 8. c4 Qxc4 9. Nc3 e6 10. Bf4 d6 11. Rc1 Qb4 12. a3 Qb6 13. Be3 Qa5 14. b4 Qd8 15. Ncb5 axb5 16. Nxb5 Bd7 17. Nc7+ Ke7 18. e5 f5 19. Bg5+ Nf6 20. Nxa8 Qxa8 21. exf6+ gxf6 22. Bh4 Bg7 23. Qd3 Rc8 24. Rfd1 d5 25. Qg3 Kf7 26. Rc7 Rxc7 27. Qxc7 Qa4 28. Rc1 d4 29. Qd6 e5 30. h3 Bc6 31. Qc5 h6 32. Qc4+ Kg6 33. Qd3 Qb5 34. Qg3+ Kh7 35. Rc5 Qb6 36. Qb3 Bd7 37. Qf7 Qe6 38. Qxe6 Bxe6 39. Rc1 e4 40. a4 d3 41. Rd1 Bb3 42. Rd2 Bxa4 43. Bg3 Bb5 44. Bf4 h5 45. h4 Bh6 0-1


[Site "https://www.chess.com"]

[Event "Titled Tuesday Blitz March 29 Late 2022"]
[White "Diaz Perez, Michel Alejandro"]
[Black "Smirnov, Pavel"]
[WhiteFideId "3517179"]
[BlackFideId "4123425"]
[WhiteElo "2337"]
[BlackElo "2545"]
[Result "0-1"]
[Round "08"]
[TimeControl "180+1"]
[Date "2022.03.29"]
[WhiteClock "0:00:02"]
[BlackClock "0:00:12"]

1. e4 e5 2. Nf3 Nc6 3. Bb5 a6 4. Ba4 Nf6 5. O-O Be7 6. d3 d6 7. c3 b5 8. Bc2 O-O 9. a4 b4 10. a5 Rb8 11. Bg5 Bg4 12. Nbd2 Nd7 13. Be3 Kh8 14. Ba4 Nxa5 15. Bxd7 Qxd7 16. Rxa5 f5 17. exf5 Qxf5 18. d4 bxc3 19. bxc3 Qg6 20. dxe5 Bh3 21. g3 Bxf1 22. Qxf1 Qc2 23. Rxa6 Qxc3 24. Kg2 dxe5 25. Nxe5 Qxe5 26. Qc4 Bd6 27. Bf4 Qf5 28. Be3 Rb2 29. Qd4 Rc2 30. Ne4 Qf3+ 31. Kh3 Qh5+ 32. Kg2 Qf3+ 33. Kh3 Be7 34. Qd3 Qf5+ 35. Kg2 Rb2 36. Qd4 Rb4 37. Ra5 Qxa5 38. Qd7 Rxe4 0-1


[Site "https://www.chess.com"]